 Dungeon Crawl Stone Soup version 0.28.0-53-g5a82cb258f (webtiles) character file.

Game seed: 4251122028695475224

583 ZappyNine the Grasshopper (level 7, -1/56 HPs)
             Began as a Gnoll Warper on May 23, 2022.
             Was a Follower of Qazlal.
             Slain by a vampire (6 damage)
             ... on level 5 of the Dungeon.
             The game lasted 00:07:33 (5678 turns).

ZappyNine the Grasshopper (Gnoll Warper)            Turns: 5678, Time: 00:07:34

Health: -1/56      AC:  4    Str: 12    XL:     7   Next: 37%
Magic:  9/15       EV: 13    Int: 13    God:    Qazlal [*.....]
Gold:   144        SH:  0    Dex: 11    Spells: 7/17 levels left

rFire   . . .      SeeInvis .   q - +4 hand axe
rCold   . . .      Faith    .   (no shield)
rNeg    . . .      Spirit   .   b - +0 leather armour
rPois   .          Reflect  .   (no helmet)
rElec   .          Harm     .   l - +0 cloak
rCorr   .          Rampage  .   (no gloves)
Will    .....                   (no boots)
Stlth   +.........              (no amulet)
HPRegen 0.18/turn               (no ring)
MPRegen 0.14/turn               (no ring)

@: confused, wereblooded (expiring), very slightly contaminated, hasted, very
quick
A: fangs 1, strong nose, distributed training
a: Renounce Religion


You were on level 5 of the Dungeon.
You worshipped Qazlal.
Qazlal was aware of your devotion.
You visited 1 branch of the dungeon, and saw 5 of its levels.

You collected 144 gold pieces.

Inventory:

Hand Weapons
 a - a +0 mace
 h - a +3 quarterstaff of chaos
 q - a +4 hand axe (weapon)
Armour
 b - a +0 leather armour (worn)
 l - a +0 cloak (worn)
Jewellery
 g - a +4 ring of protection
 o - a ring of fire
Wands
 s - a wand of flame (16)
 w - a wand of paralysis (4)
Scrolls
 c - a scroll of blinking
 e - 5 scrolls of teleportation {unknown}
 f - 4 scrolls of identify {unknown}
 k - a scroll of enchant armour {unknown}
 r - a scroll of fog {unknown}
 u - a scroll of immolation {unknown}
Potions
 d - a potion of mutation {unknown}
 i - 2 potions of haste
 j - a potion of heal wounds {unknown}
 m - a potion of flight {unknown}
 n - 2 potions of berserk rage {unknown}
 t - a potion of resistance {unknown}
 v - a potion of brilliance {unknown}


   Skills:
 + Level 5.2 Fighting
 + Level 2.4 Short Blades
 + Level 2.4 Long Blades
 + Level 2.4 Axes
 + Level 5.2 Maces & Flails
 + Level 2.4 Polearms
 + Level 2.4 Staves
 + Level 2.4 Slings
 + Level 2.4 Bows
 + Level 2.4 Crossbows
 + Level 3.6 Throwing
 + Level 3.6 Armour
 + Level 5.2 Dodging
 + Level 2.4 Stealth
 + Level 2.4 Shields
 + Level 2.4 Unarmed Combat
 + Level 5.6 Spellcasting
 + Level 2.0 Conjurations
 + Level 2.0 Hexes
 + Level 2.0 Summonings
 + Level 2.0 Necromancy
 + Level 5.8 Translocations
 + Level 2.0 Transmutations
 + Level 2.0 Fire Magic
 + Level 2.0 Ice Magic
 + Level 2.0 Air Magic
 + Level 2.0 Earth Magic
 + Level 2.0 Poison Magic
 + Level 2.7 Invocations
 + Level 2.4 Evocations


You had 7 spell levels left.
You knew the following spells:

 Your Spells              Type           Power      Damage    Failure   Level
a - Wereblood             Tmut           8%         N/A       16%         2
b - Blink                 Tloc           36%        N/A       3%          2
c - Beastly Appendage     Tmut           16%        N/A       10%         1
d - Manifold Assault      Tloc           18%        N/A       50%         5

Your spell library contained the following spells:

 Spells                   Type           Power      Damage    Failure   Level
 Gell's Gravitas          Tloc           18%        N/A       6%          3
 Lesser Beckoning         Tloc           18%        N/A       6%          3
 Teleport Other           Tloc           18%        N/A       6%          3
 Animate Skeleton         Necr           16%        N/A       10%         1
 Pain                     Necr           32%        1d5       10%         1
 Spider Form              Tmut/Pois      8%         N/A       30%         3
 Summon Guardian Golem    Hex/Summ       8%         N/A       30%         3
 Vampiric Draining        Necr           8%         2d6       30%         3
 Orb of Destruction       Conj           4%         9d5       100%        7
 Spellforged Servitor     Conj/Summ      4%         N/A       100%        7


Dungeon Overview and Level Annotations

Branches:
Dungeon (5/15)
 Temple: D:4-7

Altars:
Cheibriados
Nemelex Xobeh
Qazlal


Innate Abilities, Weirdness & Mutations

You have very sharp teeth.
Your uncanny sense of smell can sniff out nearby items.
Your experience applies equally to all skills.


Message History

Deactivating autopickup; reactivate with Ctrl-A.
You cannot move.
You cannot move.
You cannot move.
You cannot move.
You miss something. You headbutt something. Your punch misses something.
Your transformation is almost over.
You are no longer locked in place.
Something hits you!
* * * LOW HITPOINT WARNING * * *
Something bites you but does no damage.
You barely miss something. You headbutt something. Something barely misses you.
Something bites you.
* * * LOW HITPOINT WARNING * * *
Something draws strength from your injuries!
You hit something. Something hits you.
* * * LOW HITPOINT WARNING * * *
Something bites you.
* * * LOW HITPOINT WARNING * * *
Something draws strength from your injuries!
You closely miss something. You claw something.
You hear some strange, mumbled words.
You are confused.
You're too confused to attack without stumbling around!
You feel better. Something hits you!
* * * LOW HITPOINT WARNING * * *
Something barely misses you.
You feel better.
You hear some strange, mumbled words.
You are confused.
It was a potion of haste.
You feel yourself speed up. Something hits you.
* * * LOW HITPOINT WARNING * * *
Something bites you.
* * * LOW HITPOINT WARNING * * *
Something draws strength from your injuries!
Your horns disappear.
Your talons disappear.
Your primal bloodlust is almost over.
You bump into the rock wall.
Something hits you.
* * * LOW HITPOINT WARNING * * *
Something bites you.
You die...

##########
#).......#
#........#
#........#
#........##########
#........'.........
#.@......##########
##'####### #### #.#
.... #.######.#
####
######'#.......
#........#
#..V.........>.
#..........<...
#........####..


There were no monsters in sight!

Vanquished Creatures
  A bullfrog (D:4)
  2 water moccasin skeletons (D:5)
  Crazy Yiuf (D:2)
  A hound (D:5)
  An orc priest (D:4)
  An iron imp (D:4)
  5 iguanas
  3 hound skeletons
  4 adders
  An ufetubus (D:4)
  3 worms
  3 dart slugs
  5 orcs
  5 endoplasms
  5 giant cockroaches
  5 goblins
  9 hobgoblins
  5 jackals
  9 kobolds
  3 quokkas
  10 ball pythons
  5 bats
  6 frilled lizards
  2 rats
95 creatures vanquished.

Notes
Turn   | Place    | Note
-------+----------+-------------------------------------------
     0 | D:1      | ZappyNine the Gnoll Warper began the quest for the Orb.
     0 | D:1      | Reached XP level 1. HP: 20/20 MP: 6/6
   269 | D:1      | Reached XP level 2. HP: 19/26 MP: 7/7
   570 | D:1      | Learned a level 2 spell: Wereblood
   573 | D:1      | Learned a level 2 spell: Blink
   612 | D:1      | Found a faded altar of an unknown god.
   803 | D:2      | Reached XP level 3. HP: 31/31 MP: 9/9
   807 | D:2      | Reached skill level 5 in Spellcasting
   856 | D:2      | Reached skill level 1 in Invocations
  1189 | D:2      | Reached skill level 1 in Short Blades
  1189 | D:2      | Reached skill level 1 in Long Blades
  1189 | D:2      | Reached skill level 1 in Axes
  1189 | D:2      | Reached skill level 1 in Polearms
  1189 | D:2      | Reached skill level 1 in Staves
  1189 | D:2      | Reached skill level 1 in Slings
  1189 | D:2      | Reached skill level 1 in Bows
  1189 | D:2      | Reached skill level 1 in Crossbows
  1189 | D:2      | Reached skill level 1 in Stealth
  1189 | D:2      | Reached skill level 1 in Shields
  1189 | D:2      | Reached skill level 1 in Unarmed Combat
  1189 | D:2      | Reached skill level 1 in Evocations
  1534 | D:2      | Reached XP level 4. HP: 15/38 MP: 11/11
  1962 | D:2      | Found a stormy altar of Qazlal.
  2069 | D:2      | Became a worshipper of Qazlal Stormbringer
  2153 | D:2      | Found a runed translucent door.
  2154 | D:2      | Noticed Crazy Yiuf
  2238 | D:2      | Learned a level 1 spell: Beastly Appendage
  2243 | D:2      | Killed Crazy Yiuf
  2244 | D:2      | Reached skill level 1 in Conjurations
  2244 | D:2      | Reached skill level 1 in Hexes
  2244 | D:2      | Reached skill level 1 in Summonings
  2244 | D:2      | Reached skill level 1 in Necromancy
  2244 | D:2      | Reached skill level 1 in Transmutations
  2244 | D:2      | Reached skill level 1 in Fire Magic
  2244 | D:2      | Reached skill level 1 in Ice Magic
  2244 | D:2      | Reached skill level 1 in Air Magic
  2244 | D:2      | Reached skill level 1 in Earth Magic
  2244 | D:2      | Reached skill level 1 in Poison Magic
  2823 | D:3      | Reached XP level 5. HP: 38/43 MP: 10/12
  3454 | D:3      | Reached * piety under Qazlal
  3586 | D:4      | Reached XP level 6. HP: 27/50 MP: 13/13
  4074 | D:4      | Found a sparkling altar of Nemelex Xobeh.
  4147 | D:4      | Found a snail-covered altar of Cheibriados.
  4186 | D:4      | Reached skill level 5 in Fighting
  4186 | D:4      | Reached skill level 5 in Maces & Flails
  4186 | D:4      | Reached skill level 5 in Dodging
  4365 | D:4      | Learned a level 5 spell: Manifold Assault
  4908 | D:5      | Entered Level 5 of the Dungeon
  5190 | D:5      | Reached XP level 7. HP: 56/56 MP: 11/15
  5656 | D:5      | Noticed a vampire
  5678 | D:5      | Slain by a vampire

Illustrated notes

Levels and vault maps discovered:
D:1:      dpeg_arrival_brainrot, layout_rooms,
          hellmonk_ecumenical_altar_inner_sanctum, grunt_decor_cap,
          minmay_close_crescents
D:2:      layout_rooms, basic_altar, minmay_diced_spiral,
          uniq_crazy_yiuf_cottage
D:3:      layout_basic, minmay_pentomino_pile
D:4:      layout_loops_ring, chei_slow_surprise, lemuel_doored_altar,
          grunt_decor_clamped, minmay_circle_x
D:5:      layout_basic, serial_park_tiny_2

Skill      XL: |  1  2  3  4  5  6  7 |
---------------+----------------------+-----
Spellcasting   | 5 |  5.6
Invocations    | 1 2 |  2.7
Short Blades   | 1 2 |  2.4
Long Blades    | 1 2 |  2.4
Axes           | 1 2 |  2.4
Polearms       | 1 2 |  2.4
Staves         | 1 2 |  2.4
Slings         | 1 2 |  2.4
Bows           | 1 2 |  2.4
Crossbows      | 1 2 |  2.4
Stealth        | 1 2 |  2.4
Shields        | 1 2 |  2.4
Unarmed Combat | 1 2 |  2.4
Evocations     | 1 2 |  2.4
Conjurations   | 1 2 |  2.0
Hexes          | 1 2 |  2.0
Summonings     | 1 2 |  2.0
Necromancy     | 1 2 |  2.0
Transmutations | 1 2 |  2.0
Fire Magic     | 1 2 |  2.0
Ice Magic      | 1 2 |  2.0
Air Magic      | 1 2 |  2.0
Earth Magic    | 1 2 |  2.0
Poison Magic   | 1 2 |  2.0
Throwing       | 3 |  3.6
Armour         | 3 |  3.6
Fighting       | 5 |  5.2
Maces & Flails | 5 |  5.2
Dodging        | 5 |  5.2
Translocations | |  5.8

Action                   |  1- 3 |  4- 6 |  7- 9 || total
-------------------------+-------+-------+-------++-------
Melee: Mace              |   119 |    23 |       ||   142
       Bite              |     9 |    15 |     1 ||    25
       Punch             |     2 |     3 |     2 ||     7
       Quarterstaff      |       |    35 |       ||    35
       Kick              |       |     8 |     6 ||    14
       Headbutt          |       |     5 |     7 ||    12
       Hand axe          |       |   115 |    32 ||   147
Throw: Boomerang         |       |     5 |       ||     5
 Cast: Wereblood         |     1 |     4 |     1 ||     6
       Beastly Appendage |       |     4 |     2 ||     6
  Use: Potion            |     1 |       |     3 ||     4
 Stab: Sleeping          |     1 |       |       ||     1
       Paralysed         |       |     1 |       ||     1
Armor: Leather armour    |    37 |    40 |     6 ||    83
Dodge: Dodged            |    84 |   125 |    16 ||   225
Block: Other             |       |     1 |     1 ||     2
